 Dungeon Crawl Stone Soup version 0.30.0-18-gc0e69614cb (webtiles) character file.

Game seed: 10370242641000098924

29 Edyrem the Covered (level 3, 0/33 HPs)
             Began as a Minotaur Fighter on May 23, 2023.
             Slain by a black bear (5 damage)
             ... on level 2 of the Dungeon.
             The game lasted 00:01:27 (1030 turns).

Edyrem the Covered (Minotaur Fighter)               Turns: 1030, Time: 00:01:28

Health: 0/33       AC:  7    Str: 22    XL:     3   Next: 1%
Magic:  2/2        EV:  9    Int:  5    God:
Gold:   78         SH:  4    Dex:  9    Spells: 2/2 levels left

rFire   . . .        a - +0 flail
rCold   . . .        c - +0 buckler
rNeg    . . .        b - +0 scale mail
rPois   .            (helmet restricted)
rElec   .            (no cloak)
rCorr   .            (no gloves)
SInv    .            (no boots)
Will    .....        l - amulet of faith Stlth
                     j - ring of flight
HPRegen 0.25/turn    (no ring)
MPRegen 0.08/turn

%: faith
@: flying
A: horns 2, retaliatory headbutt
a: no special abilities


You were on level 2 of the Dungeon.
You visited 1 branch of the dungeon, and saw 2 of its levels.

You collected 78 gold pieces.

Inventory:

Hand Weapons
 a - a +0 flail (weapon)
Armour
 b - a +0 scale mail (worn)
 c - a +0 buckler (worn)
Jewellery
 j - a ring of flight (left hand)
 l - an amulet of faith (around neck)
Scrolls
 e - a scroll of identify {unknown}
 f - a scroll of noise {unknown}
 i - 2 scrolls of vulnerability {unknown}
 k - a scroll of magic mapping {unknown}
Potions
 d - a potion of might
 g - a potion of attraction {unknown}
 h - a potion of curing {unknown}


   Skills:
 + Level 4.0 Fighting
 + Level 2.9 Maces & Flails
 + Level 4.1 Armour
 + Level 4.0 Shields


You had 2 spell levels left.
You didn't know any spells.
Your spell library was empty.

Dungeon Overview and Level Annotations

Branches:
Dungeon (2/15)

Altars:


Innate Abilities, Weirdness & Mutations

You have a pair of horns on your head.
You reflexively headbutt those who attack you in melee.


Message History

You barely miss the black bear. You headbutt the black bear.
The black bear is lightly wounded.
The black bear bites you! You block the black bear's attack.
The black bear claws you but does no damage.
You barely miss the black bear.
The black bear is lightly wounded.
You block the black bear's attack.
The black bear claws you but does no damage. x2
The black bear closely misses you.
The black bear claws you but does no damage.
The black bear claws you.
You sock the black bear!
The black bear is moderately wounded.
The black bear bites you. The black bear claws you. x2
You hit the black bear.
The black bear is heavily wounded.
The black bear barely misses you. The black bear claws you.
The black bear claws you but does no damage.
You closely miss the black bear.
The black bear is heavily wounded.
The black bear closely misses you. x2; The black bear barely misses you.
The black bear bites you.
* * * LOW HITPOINT WARNING * * *
The black bear closely misses you. x2
You barely miss the black bear.
The black bear is heavily wounded.
The black bear bites you.
* * * LOW HITPOINT WARNING * * *
The black bear claws you.
* * * LOW HITPOINT WARNING * * *
The black bear completely misses you.
You hit the black bear. You headbutt the black bear.
The black bear is severely wounded.
The black bear misses you. The black bear claws you.
* * * LOW HITPOINT WARNING * * *
The black bear claws you but does no damage.
You barely miss the black bear.
The black bear is severely wounded.
The black bear bites you.
You die...

#..#.####...##...#
#.......#.## #...##
#.#.......# ##...###
##.#.#.###.#####.....#
.....#.# #....###..#..
..#....# ####..........
..#...#####........###.
.####..........###..#
.# #######.##..@h..####
.# ##.######.....#
.#########..# #.###..^.
.....).....## #.h ##
..########## ###. ..#
.# ..# ? ..# .# ..# #


You could see a black bear.

Vanquished Creatures
  2 dart slugs (D:1)
  3 endoplasms
  4 goblins
  3 hobgoblins
  A ball python (D:1)
  3 bats
  3 frilled lizards (D:1)
  7 rats (D:1)
26 creatures vanquished.

Notes
Turn   | Place    | Note
-------+----------+-------------------------------------------
     0 | D:1      | Edyrem the Minotaur Fighter began the quest for the Orb.
     0 | D:1      | Reached XP level 1. HP: 19/19 MP: 0/0
   204 | D:1      | Reached XP level 2. HP: 27/27 MP: 1/1
   990 | D:2      | Reached XP level 3. HP: 31/33 MP: 2/2
  1016 | D:2      | Noticed a black bear
  1030 | D:2      | Slain by a black bear

Illustrated notes

Levels and vault maps discovered:
D:1:      minmay_arrival_up_and_down, layout_loops_corners
D:2:      layout_rooms

Skill      XL: |  1  2 |
---------------+-------+-----
Armour         | 4 |  4.1
Shields        | 4 |  4.0
Fighting       | 4 |  4.0
Maces & Flails | |  2.9

Action                     || total
---------------------------++-------
  Melee: Flail             ||    61
         Headbutt          ||     8
 Armour: Scale mail        ||    35
  Dodge: Dodged            ||    27
  Block: Buckler           ||     8
